 Dungeon Crawl Stone Soup version 0.28.0-43-g3370ac3207 (webtiles) character file.

Game seed: 13734538496132429337

799 croobank the Chopper (level 7, -1/62 HPs)
             Began as a Hill Orc Fighter on Mar 15, 2022.
             Was a Follower of Beogh.
             Slain by Maggie
             ... wielding a +0 vorpal glaive
              (6 damage)
             ... on level 6 of the Dungeon.
             The game lasted 00:12:25 (4218 turns).

croobank the Chopper (Hill Orc Fighter)             Turns: 4218, Time: 00:12:26

Health: -1/62      AC: 13    Str: 21    XL:     7   Next: 90%
Magic:  7/7        EV:  9    Int:  8    God:    Beogh [*.....]
Gold:   110        SH:  6    Dex: 10    Spells: 6/6 levels left

rFire   . . .      SeeInvis .   a - +2 war axe (chaos)
rCold   . . .      Faith    .   c - +1 buckler
rNeg    . . .      Spirit   .   y - +0 scale mail
rPois   .          Reflect  .   (no helmet)
rElec   .          Harm     .   (no cloak)
rCorr   .          Rampage  .   (no gloves)
Will    .....                   A - +1 pair of boots {Stlth+}
Stlth   +.........              (no amulet)
HPRegen 0.20/turn               p - +4 ring of protection
MPRegen 0.10/turn               (no ring)

@: mighty
A: no striking features
a: Renounce Religion


You were on level 6 of the Dungeon.
You worshipped Beogh.
Beogh was aware of your devotion.
You visited 1 branch of the dungeon, and saw 6 of its levels.
You also visited: Sewer.

You collected 110 gold pieces.

Inventory:

Hand Weapons
 a - a +2 war axe of chaos (weapon)
 b - a +0 hunting sling
 o - a +2 battleaxe of electrocution
Missiles
 k - 69 stones (quivered)
 s - 64 sling bullets
 B - 13 arrows
Armour
 c - a +1 buckler (worn)
 m - a scarf of invisibility
 y - a +0 scale mail (worn)
 A - a +1 pair of boots of stealth (worn)
Jewellery
 f - an amulet of faith
 p - a +4 ring of protection (left hand)
Wands
 q - a wand of iceblast (7)
Scrolls
 g - 2 scrolls of teleportation
 j - a scroll of blinking
 v - a scroll of fog
 w - a scroll of amnesia {unknown}
 z - a scroll of magic mapping
Potions
 e - a potion of invisibility
 h - 2 potions of curing {unknown}
 i - a potion of magic {unknown}
 l - 2 potions of ambrosia {unknown}
 n - 4 potions of brilliance {unknown}
 r - a potion of degeneration {unknown}
 t - a potion of lignification {unknown}
 u - 3 potions of heal wounds {unknown}
 x - a potion of mutation {unknown}


   Skills:
 + Level 5.9 Fighting
 * Level 7.2 Axes
 + Level 5.3 Armour
 + Level 5.4 Shields


You had 6 spell levels left.
You didn't know any spells.
Your spell library was empty.

Dungeon Overview and Level Annotations

Branches:
Dungeon (6/15)              Sewer (visited)
 Temple: D:4-7

Altars:
Elyvilon

Shops:
D:1 *

Annotations:
D:5 Grinder
D:6 Maggie


Message History

Maggie hits you with a +0 vorpal glaive!
The orc closely misses you. The orc misses you.
You hit Maggie.
Maggie is lightly wounded.
You closely miss the orc. x2
You feel less confused.
Maggie gestures wildly while chanting.
Maggie attempts to bespell you! You resist with some effort.
The orc hits you but does no damage. x2
You feel very mighty all of a sudden. Maggie barely misses you.
The orc hits you but does no damage. The orc barely misses you.
You slash Maggie! You drain Maggie!
Maggie is heavily wounded.
You slash the orc!
You kill the orc!
Beogh accepts your kill.
You slice the orc!!
You kill the orc!
Beogh accepts your kill.
Maggie hits you with a +0 vorpal glaive!
Maggie mutters to herself, "Master Lance won't take me back.
This is the way forward."
Maggie gestures wildly while chanting.
Maggie attempts to bespell you! You resist with almost no effort.
You slice Maggie!!
Maggie flickers and vanishes!
Deactivating autopickup; reactivate with Ctrl-A.
You hear some strange, mumbled words.
You closely miss something.
You hear some strange, mumbled words.
Unknown command.
You miss something.
You hear some strange, mumbled words.
Unknown command.
You hit something. Something hits you.
* * * LOW HITPOINT WARNING * * *
x2 You barely miss something.
Something hits you but does no damage.
You barely miss something. Something hits you!
* * * LOW HITPOINT WARNING * * *
x2 Something hits you.
You die...

......
......########>
......#........
......#....$...
....<..........
#............
#............
#...)@# #...){#
###+###


There were no monsters in sight!

Vanquished Creatures
  A black bear (D:5)
  An ice beast (D:3)
  2 bullfrogs (Sewer)
  A scorpion (D:4)
  A bullfrog skeleton (D:4)
  An orc priest (D:4)
  2 hounds
  An iguana (D:5)
  4 orc wizards
  A hound skeleton (D:4)
  7 adders
  6 worms
  3 dart slugs (D:1)
  11 orcs
  8 ball pythons
  8 endoplasms
  9 giant cockroaches
  4 goblins
  5 hobgoblins
  4 quokkas
  4 bats (D:1)
  12 frilled lizards
  5 kobolds
  2 rats
103 creatures vanquished.

Vanquished Creatures (others)
  An adder (D:3)
  An endoplasm (D:3)
2 creatures vanquished.

Grand Total: 105 creatures vanquished

Notes
Turn   | Place    | Note
-------+----------+-------------------------------------------
     0 | D:1      | croobank the Hill Orc Fighter began the quest for the Orb.
     0 | D:1      | Reached XP level 1. HP: 19/19 MP: 1/1
   263 | D:1      | Reached skill level 3 in Axes
   263 | D:1      | Reached XP level 2. HP: 27/27 MP: 2/2
   278 | D:1      | Found a faded altar of an unknown god.
   431 | D:1      | Found Piupaoc's General Store.
   913 | D:1      | Reached XP level 3. HP: 33/33 MP: 3/3
  1527 | D:2      | Reached XP level 4. HP: 36/40 MP: 4/4
  1958 | D:3      | Reached skill level 4 in Axes
  1962 | D:3      | Reached XP level 5. HP: 36/47 MP: 5/5
  2150 | D:3      | Became a worshipper of Beogh the Brigand
  2210 | D:3      | Found a glowing drain.
  2222 | Sewer    | Entered a sewer
  2382 | Sewer    | Reached * piety under Beogh
  2464 | Sewer    | Reached skill level 5 in Axes
  2464 | Sewer    | Reached XP level 6. HP: 55/55 MP: 6/6
  2465 | Sewer    | Reached skill level 5 in Fighting
  2671 | D:3      | Noticed an ice beast
  2678 | D:3      | Killed an ice beast
  2896 | D:3      | Reached skill level 6 in Axes
  2896 | D:3      | Reached XP level 7. HP: 53/61 MP: 7/7
  3225 | D:4      | Found a white marble altar of Elyvilon.
  3320 | D:4      | Reached skill level 5 in Armour
  3320 | D:4      | Reached skill level 5 in Shields
  4050 | D:5      | Entered Level 5 of the Dungeon
  4062 | D:5      | Reached skill level 7 in Axes
  4063 | D:5      | Noticed Grinder
  4205 | D:6      | Noticed Maggie
  4218 | D:6      | Slain by Maggie

Illustrated notes

Levels and vault maps discovered:
D:1:      ebering_hopf_link, layout_loops_ring, serial_shops,
          nicolae_square_shop, basic_ecumenical_altar
D:2:      layout_basic
D:3:      layout_rooms, portal_sewer_entry_d
D:4:      layout_loops_ring, elyvilon_altar_5, minmay_misc_feat_rows
D:5:      layout_rooms, minmay_temple_entry_crystal_x, ebering_ghost_sewer_d,
          uniq_grinder
D:6:      minmay_opposing_rooms, layout_basic, corexii_leaking_fountain,
          uniq_maggie

Skill      XL: |  1  2  3  4  5  6  7 |
---------------+----------------------+-----
Axes           | 3 4 5 6 7 |  7.2
Fighting       | 4 5 |  5.9
Shields        | 4 5 |  5.4
Armour         | 4 5 |  5.3

Action                   |  1- 3 |  4- 6 |  7- 9 || total
-------------------------+-------+-------+-------++-------
Melee: War axe           |   101 |   146 |    56 ||   303
Invok: Convert to Beogh  |       |     1 |       ||     1
  Use: Scroll            |       |     9 |     2 ||    11
       Potion            |       |     1 |     1 ||     2
Armor: Scale mail        |    46 |    68 |    36 ||   150
Dodge: Dodged            |    50 |    55 |    29 ||   134
Block: Buckler           |    15 |    34 |    16 ||    65
